 Dungeon Crawl Stone Soup version 0.32-a0-913-g739538afd8 (webtiles) character file.

Game seed: 10127878511239410948

6 Fractals the Sneak (level 1, -1/19 HPs)
             Began as a Draconian Delver on Apr 8, 2024.
             Slain by an adder (2 damage)
             ... on level 3 of the Dungeon.
             The game lasted 00:02:12 (239 turns).

Fractals the Sneak (Draconian Delver)                Turns: 239, Time: 00:02:12

Health: -1/19      AC:  4    Str: 14    XL:     1   Next: 75%
Magic:  1/1        EV: 11    Int: 10    God:
Gold:   42         SH:  0    Dex: 12    Spells: 0/0 levels left

rFire   . . .        d - +0 sling
rCold   . . .        (no shield)
rNeg    . . .        (body armour unavailable)
rPois   .            (helmet restricted)
rElec   .            (no cloak)
rCorr   .            (no gloves)
SInv    .            (no boots)
Will    .....        (no amulet)
Stlth   +++          (no ring)
HPRegen 0.23/turn    (no ring)
MPRegen 0.07/turn

%: no passive effects
@: lethally poisoned (-1 -> -5)
A: AC +4, unfitting armour, cold-blooded
a: no special abilities


You were on level 3 of the Dungeon.
You visited 1 branch of the dungeon, and saw 3 of its levels.

You collected 42 gold pieces.

Inventory:

Hand Weapons
 a - a +0 short sword
 d - a +0 sling (weapon)
Wands
 f - a wand of digging (3)
Scrolls
 b - 2 scrolls of fog
 c - a scroll of noise {unknown}
Potions
 e - a potion of haste
 g - a potion of curing {unknown}


   Skills:
 + Level 3.5 Fighting
 - Level 2.0 Short Blades
 - Level 1.7 Dodging
 + Level 4.7 Stealth


You couldn't memorise any spells.
You didn't know any spells.
Your spell library was empty.

Dungeon Overview and Level Annotations

Branches:
Dungeon (5/15)
 Temple: D:4-7

Altars:
Xom

Annotations:
D:3 3 runed translucent doors, Arkalis's ghost, amateur KoHu


Innate Abilities, Weirdness & Mutations

Your plain brown scales are hard. (AC +4)
You cannot fit into any form of body armour.
You are cold-blooded and may be slowed by cold attacks.


Message History

The adder is heavily wounded.
You feel sick.
You are no longer poisoned.
The adder misses you.
You shoot a sling bullet. The sling bullet hits the adder.
The adder is severely wounded.
The adder closely misses you. The adder bites you.
You shoot a sling bullet.
The sling bullet barely misses the adder.
The adder bites you but does no damage. x2
You shoot a sling bullet.
The sling bullet completely misses the adder.
The adder barely misses you. The adder closely misses you.
You shoot a sling bullet. The sling bullet hits the adder.
The adder is almost dead.
The adder barely misses you. The adder misses you.
You shoot a sling bullet.
The sling bullet closely misses the adder.
The adder bites you.
* * * LOW HITPOINT WARNING * * *
You shoot a sling bullet. The sling bullet misses the adder.
The adder bites you but does no damage. The adder closely misses you.
You shoot a sling bullet.
The sling bullet hits the adder but does no damage.
The adder is almost dead.
The adder closely misses you. The adder barely misses you.
You shoot a sling bullet.
The sling bullet closely misses the adder.
The adder bites you but does no damage. The adder bites you.
* * * LOW HITPOINT WARNING * * *
You shoot a sling bullet.
The sling bullet closely misses the adder.
The adder closely misses you. The adder bites you.
* * * LOW HITPOINT WARNING * * *
You are lethally poisoned!
The adder poisons you!
You shoot a sling bullet. The sling bullet misses the adder.
* * * LOW HITPOINT WARNING * * *
You feel sick. The adder bites you.
You die...

......#.....((#
#.##.##..(....#
#.##..#....(..#
..##..#.ßW...(#
####..###+++### #
#.#........# #
#.#........# .##
#.......#######...#
###'##### #.@S..!#
##...## #.##...#
≈~~#.....## #.##
### ##.......##
#..##
#.........####...##
+.........'.......#
#.........####...##
##.......## #..##
##.....## #....


You could see an adder.

Vanquished Creatures
  A dart slug (D:4)
  A goblin (D:4)
  A kobold (D:4)
  A ball python (D:4)
4 creatures vanquished.

Notes
Turn   | Place    | Note
-------+----------+-------------------------------------------
     0 | D:5      | Fractals the Draconian Delver began the quest for the Orb.
     0 | D:5      | Reached XP level 1. HP: 19/19 MP: 1/1
     5 | D:5      | Noticed a hound
   168 | D:3      | Found a shimmering altar of Xom.
   168 | D:3      | Found a shimmering altar of Xom.
   192 | D:3      | Found a runed translucent gate.
   192 | D:3      | Found a runed translucent gate.
   192 | D:3      | Found a runed translucent gate.
   192 | D:3      | Noticed Arkalis's ghost (amateur KoHu)
   239 | D:3      | Slain by an adder

Illustrated notes

Levels and vault maps discovered:
D:3:      layout_loops_corners, mainiacjoe_overflow_two_lobes, xom_redecorated,
          ebering_ghost_rock_garden, chequers_serial_rivers_small_a
D:4:      layout_rooms
D:5:      kennysheep_kobold_camp, layout_loops_ring,
          gammafunk_temple_overflow_pools

Action                     || total
---------------------------++-------
  Melee: Short sword       ||    12
         Tailslap          ||     1
   Fire: Sling             ||    15
    Use: Scroll            ||     2
 Armour: Skin              ||    26
  Dodge: Dodged            ||    19

Table legend: (Time is in decaauts)
 A = Elapsed time spent in this place.
 B = Non-inter-level travel time spent in this place.
 C = Inter-level travel time spent in this place.
 D = Time resting spent in this place.
 E = Time spent auto-exploring this place.
 F = Levels seen in this place.
 G = Mean time per level.
                   A        B        C        D        E       F      G
               +--------+--------+--------+--------+--------+-----+--------+
         Total |    242 |    242 |      0 |     29 |      0 |   3 |   80.7 |
       Dungeon |    242 |    242 |      0 |     29 |      0 |   3 |   80.7 |
               +--------+--------+--------+--------+--------+-----+--------+

Top non-repeatable levels by time:
     D:4: 146 daAuts
     D:3: 76 daAuts
     D:5: 20 daAuts
